 Dungeon Crawl Stone Soup version 0.19.1 (webtiles) character file.

49823 RaHiT the Prestidigitator (level 14, -4/95 HPs)
             Began as a Mummy Conjurer on Dec 2, 2016.
             Was the Champion of Vehumet.
             Slain by a sun demon (24 damage)
             ... summoned by an orc high priest
             ... on level 2 of the Orcish Mines on Dec 3, 2016.
             The game lasted 04:45:46 (21978 turns).

RaHiT the Prestidigitator (Mummy Conjurer)         Turns: 21978, Time: 04:45:46

Health: -4/95      AC:  9    Str: 11    XL:     14   Next: 17%
Magic:  29/46      EV: 24    Int: 20    God:    Vehumet [******]
Gold:   2098       SH:  0    Dex: 18    Spells: 9 memorised, 4 levels left

rFire  x . .     SeeInvis .     b - +8 storm bow {elec}
rCold  + . .     Gourm    .     t - +2 leather armour of Atuegher {rElec MR+ Str-2}
rNeg   + + +     Faith    .     (shield currently unavailable)
rPois  ∞         Spirit   .     B - +2 hat
rElec  +         Reflect  .     (no cloak)
rCorr  .         Harm     .     o - +0 pair of gloves
MR     ++...                    J - +0 pair of boots
Stlth  ++........               X - amulet "Ilisax" {RegenMP *Contam MP+9 Int+2 Dex+6}
                                w - +5 ring of evasion
                                D - ring of magical power

@: repel missiles
A: no food or potions, fire vulnerability, cold resistance 1, negative energy
resistance 3, torment resistance, unbreathing, in touch with death 1
a: Renounce Religion


You were on level 2 of the Orcish Mines.
You worshipped Vehumet.
Vehumet was exalted by your worship.
You were not hungry.

You visited 3 branches of the dungeon, and saw 19 of its levels.
You also visited: Labyrinth and Ossuary.

You collected 2098 gold pieces.

Inventory:

Hand Weapons
 a - the +9 trident "Dragonslayer" {freeze, Int+3}
   (You found it on level 1 of the Lair of Beasts)

   It has been specially enchanted to freeze those struck by it, causing extra
   injury to most foes and up to half again as much damage against particularly
   susceptible opponents.
   It can also slow down cold-blooded creatures.
   It affects your intelligence (+3).
 b - the +8 storm bow (weapon) {elec}
   (You found it in a labyrinth)

   It charges the ammunition it shoots with electricity; occasionally upon a
   hit, such missiles may discharge and cause terrible harm.
 p - a +0 blowgun
Missiles
 g - 230 arrows (quivered)
 G - 18 curare-tipped needles
Armour
 o - a +0 pair of gloves (worn)
 t - the +2 leather armour of Atuegher (worn) {rElec MR+ Str-2}
   (You found it in a labyrinth)

   It affects your strength (-2).
   It insulates you from electricity.
   It affects your resistance to hostile enchantments.
 B - a +2 hat (worn)
 I - a +3 leather armour
 J - a +0 pair of boots (worn)
Rods
 d - a +8 rod of shadows (6/16)
   (You found it on level 6 of the Lair of Beasts)
Jewellery
 q - the ring of Pamekuopn {rPois SInv}
   (You found it in a labyrinth)

   [ring of see invisible]

   It protects you from poison.
   It lets you see invisible.
 u - an uncursed ring of ice
 w - a +5 ring of evasion (right hand)
 C - a +4 ring of protection {unknown}
 D - a ring of magical power (left hand)
 N - an uncursed ring of ice
 X - the amulet "Ilisax" (around neck) {RegenMP *Contam MP+9 Int+2 Dex+6}
   (You found it in a labyrinth)

   [amulet of magic regeneration]

   It increases your magic regeneration.
   It affects your intelligence (+2).
   It affects your dexterity (+6).
   It affects your magic capacity (+9).
   It causes magical contamination when unequipped.
Wands
 m - a wand of disintegration (4/24)
 z - a wand of random effects (0/48)
 H - a wand of confusion (17/48)
 L - a wand of paralysis (16/24)
 P - a wand of acid (4/15)
 Q - a wand of lightning (8/15)
 R - a wand of teleportation (6/9)
 S - a wand of lightning (7/15)
 T - a wand of flame (27/48)
 V - a wand of flame (14/48)
 W - a wand of lightning (9/15)
Scrolls
 c - a scroll of acquirement {unknown}
 e - 5 scrolls of immolation
 f - 2 scrolls of enchant armour
 h - 4 scrolls of fog
 i - 7 scrolls of remove curse
 k - 5 scrolls of enchant weapon
 l - a scroll of silence {unknown}
 n - 2 scrolls of recharging
 r - 3 scrolls of fear
 s - a scroll of vulnerability {unknown}
 y - 2 scrolls of blinking
 A - 4 scrolls of magic mapping
 F - 6 scrolls of amnesia
 O - 7 scrolls of teleportation
 Y - 3 scrolls of torment
Miscellaneous
 E - a box of beasts
 M - a disc of storms


   Skills:
 - Level 4.0 Fighting
 - Level 4.0 Armour
 - Level 10.0 Dodging
 - Level 1.5 Stealth
 - Level 10.0 Spellcasting
 * Level 9.5 Conjurations
 - Level 4.3 Hexes
 - Level 3.1 Translocations
 - Level 3.0 Fire Magic
 - Level 3.1 Air Magic
 - Level 3.1 Poison Magic
 - Level 10.4 Evocations


You had 4 spell levels left.
You knew the following spells:

 Your Spells              Type           Power        Failure   Level  Hunger
a - Magic Dart            Conj           ####         1%          1    N/A
b - Dazzling Spray        Conj/Hex       #####.       1%          3    N/A
c - Iskenderun's Mystic   Conj           #####...     1%          4    N/A
d - Sticky Flame          Conj/Fire      #####...     2%          4    N/A
e - Blink                 Tloc           N/A          4%          2    N/A
f - Repel Missiles        Chrm/Air       ###...       10%         2    N/A
g - Mephitic Cloud        Conj/Pois/Air  ####....     1%          3    N/A
h - Iskenderun's Battles  Conj/Chrm      ####....     11%         5    N/A
i - Bolt of Magma         Conj/Fire/Erth ####......   14%         5    N/A

Dungeon Overview and Level Annotations

Branches:
Dungeon (11/15)            Temple (0/1) D:4            Lair (6/6) D:9
 Shoals (0/4) Lair:2        Snake (0/4) Lair:3        Slime (0/5) Lair:6
    Orc (2/2) D:11            Elf (0/3) Orc:2

Altars:
Ashenzari
Cheibriados
Elyvilon
Fedhas
Hepliaklqana
Kikubaaqudgha
Nemelex Xobeh
Qazlal
Sif Muna
Trog
Vehumet
Xom
Beogh

Shops:
D:9 *   Orc:2 (%(


Innate Abilities, Weirdness & Mutations

You do not eat or drink.
Your flesh is vulnerable to fire.
You are immune to poison.
Your flesh is cold resistant. (rC+)
You are immune to negative energy. (rN+++)
You are immune to unholy pain and torment.
You can survive without breathing.
You are in touch with the powers of death.


Message History

The orc high priest completely misses your mature weirdbat beast.
Your mature weirdbat beast barely misses the soul eater.
Your mature weirdbat beast constricts the orc warrior.
The orc warrior dies!
Vehumet accepts your kill.
The orc wizard gestures wildly while chanting.
Your mature weirdbat beast hits the soul eater.
Your mature weirdbat beast grabs the soul eater.
Your mature weirdbat beast constricts the soul eater!
The orc wizard casts a spell at you. The magic dart hits you!
The soul eater draws from the surrounding life force!
Your mature weirdbat beast is almost dead.
Your mature weirdbat beast hits the soul eater!
Your mature weirdbat beast constricts the soul eater.
Your mature weirdbat beast releases its grip on the soul eater.
The sun demon hits you!
* * * LOW HITPOINT WARNING * * *
You are engulfed in flames!!
The fire burns you terribly!
You die...

##..........# ##...............
##........### #................
##..........######..............)
#............#..##...............
...##...#.........#..............
..^###.###......................)
<..####......#....##.............
......#.....##.....#............÷
.....###........@3...............
..#..........#.#.3....3..........
.#..........##........H..).......
.##........##.......o.....).3....
.##........###...........#ooo8)8.
...........#.##.#.......##....3..
.....#........#####.......o##'''#
..[.#####....##.###......###..oo.
....# #.........###....## #8o.o8


You could see a soul eater, 2 sun demons, an orc wizard and a friendly mature
weirdbat beast.

Vanquished Creatures
  A minotaur (Lab)
  3 hydras
  2 death yaks
  Sonja (Orc:2)
  Nergalle (D:11)
  3 hill giants
  An orc sorcerer (Orc:2)
  2 manticores
  3 black mambas
  3 elephants (Lair:6)
  A gargoyle (D:11)
  2 torpor snails
  A rime drake (Lair:6)
  An eye of devastation (Lair:6)
  15 spiny frogs
  4 komodo dragons
  A minotaur zombie (Lab)
  A merfolk (D:10)
  4 polar bears
  7 trolls
  3 hornets (Lair:6)
  16 blink frogs
  8 hippogriffs
  Sigmund (D:2)
  The ghost of loom the Conjurer, an amateur DECj (Ossuary)
  11 spriggans (Lair:6)
  A redback (Lair:6)
  A wraith (D:11)
  A wyvern (Lair:5)
  A hill giant zombie (D:11)
  3 basilisks
  A hungry ghost (D:7)
  35 yaks
  A steam dragon (D:11)
  3 nagas (Lair:3)
  A warg (Orc:2)
  10 water moccasins
  7 porcupines
  The ghost of AAAAA the Cudgeler, an amateur VSGl (D:4)
  19 orc warriors
  2 sky beasts
  5 black bears
  An ice beast (D:6)
  2 necrophages
  10 ogres
  4 phantoms
  An eye of draining (Lair:6)
  3 boggarts (Lair:6)
  2 centaurs
  27 wolves
  10 crocodiles
  2 elf zombies (Ossuary)
  A big kobold (D:11)
  8 bullfrogs
  A wyvern zombie (D:7)
  A scorpion (D:4)
  A troll zombie (D:11)
  10 killer bees
  An electric eel (Lair:5)
  4 crimson imps
  4 centaur zombies
  3 hounds
  2 jellies
  A centaur skeleton (D:10)
  22 orc priests
  A gnoll shaman (D:9)
  A human zombie (Ossuary)
  21 orc wizards
  Jessica (D:3)
  2 iguanas
  5 worker ants
  5 hell rats (Lair:5)
  2 killer bee zombies
  2 big kobold zombies (Ossuary)
  4 ogre zombies (D:11)
  A hound skeleton (D:7)
  2 mummies (Ossuary)
  Robin (D:3)
  A worker ant zombie (D:10)
  6 gnolls
  16 adders
  An ooze (D:1)
  An adder zombie (D:6)
  3 worms
  5 dart slugs
  8 leopard geckos
  103 orcs
  7 giant cockroaches
  14 goblins
  16 hobgoblins
  5 jackals
  10 kobolds
  5 quokkas
  A ball python (D:3)
  5 bats
  9 frilled lizards
  2 goblin skeletons (D:11)
  2 goblin zombies
  3 hobgoblin skeletons (D:11)
  9 hobgoblin zombies
  4 kobold zombies (Ossuary)
  A leopard gecko zombie (D:5)
  26 orc zombies
  7 rats
  3 rat zombies (Ossuary)
  A fungus (Lair:6)
632 creatures vanquished.

Vanquished Creatures (collateral kills)
  2 orc warlords (Orc:2)
  The ghost of sheala the Thaumaturge, a journeyman DEEn of Sif Muna (Orc:2)
  An orc high priest (Orc:2)
  2 hill giants
  An orc sorcerer (Orc:2)
  2 trolls (Orc:2)
  A yak (Lair:1)
  A spriggan (Lair:6)
  A hungry ghost (D:11)
  A warg (Orc:2)
  11 orc warriors
  3 wolves (Lair:6)
  2 ogres (Orc:2)
  A wyvern zombie (D:10)
  A scorpion (D:10)
  A killer bee (D:10)
  A howler monkey (D:10)
  6 orc wizards
  4 orc priests
  A gnoll (D:10)
  22 orcs
  A hobgoblin zombie (D:11)
67 creatures vanquished.

Vanquished Creatures (others)
  2 yaks
  A spriggan (Lair:6)
  A necrophage (D:10)
  An orc (D:10)
  A quokka (D:8)
  19 fungi
  10 plants
35 creatures vanquished.

Grand Total: 734 creatures vanquished

Notes
Turn   | Place    | Note
-------+----------+-------------------------------------------
     0 | D:1      | RaHiT the Mummy Conjurer began the quest for the Orb.
     0 | D:1      | Reached XP level 1. HP: 13/13 MP: 3/3
   488 | D:1      | Reached XP level 2. HP: 9/19 MP: 0/5
   543 | D:1      | Learned a level 2 spell: Searing Ray
  1108 | D:1      | Reached XP level 3. HP: 24/24 MP: 4/7
  1283 | D:1      | Learned a level 3 spell: Dazzling Spray
  1467 | D:2      | Found a white marble altar of Elyvilon.
  1609 | D:2      | Reached XP level 4. HP: 25/30 MP: 6/10
  1776 | D:2      | Found a snail-covered altar of Cheibriados.
  1779 | D:2      | Found a hazy altar of Hepliaklqana.
  1782 | D:2      | Found a bloodstained altar of Trog.
  1792 | D:2      | Found a blossoming altar of Fedhas.
  1803 | D:2      | Noticed Sigmund
  1882 | D:2      | Killed Sigmund
  1882 | D:2      | Reached XP level 5. HP: 24/35 MP: 1/11
  2275 | D:2      | Reached XP level 6. HP: 41/41 MP: 6/12
  2281 | D:2      | Learned a level 4 spell: Iskenderun's Mystic Blast
  2307 | D:2      | Found a shimmering altar of Xom.
  2421 | D:2      | Found a radiant altar of Vehumet.
  2421 | D:2      | Found an ancient bone altar of Kikubaaqudgha.
  2422 | D:2      | Found a deep blue altar of Sif Muna.
  2438 | D:2      | Identified Sif Muna's Disquisition on Creation
  2448 | D:2      | Became a worshipper of Vehumet
  3029 | D:3      | Noticed Jessica
  3032 | D:3      | Noticed Robin
  3034 | D:3      | Killed Jessica
  3133 | D:3      | Reached skill level 5 in Conjurations
  3142 | D:3      | Reached * piety under Vehumet
  3142 | D:3      | Offered knowledge of Sandblast by Vehumet.
  3161 | D:3      | Killed Robin
  3790 | D:4      | Found a shimmering altar of Xom.
  3879 | D:4      | Found a sparkling altar of Nemelex Xobeh.
  3896 | D:4      | Noticed AAAAA's ghost (amateur VSGl)
  3960 | D:4      | Killed AAAAA's ghost
  3960 | D:4      | Reached skill level 1 in Hexes
  4267 | D:4      | Found a staircase to the Ecumenical Temple.
  4298 | D:4      | Reached XP level 7. HP: 38/46 MP: 8/13
  4532 | D:4      | Got an ichor-stained whip
  4533 | D:4      | Identified the +6 whip of Kismet {elec, rPois Dex+3} (You found it on level 4 of the Dungeon)
  4893 | D:5      | Entered Level 5 of the Dungeon
  4932 | D:5      | Found a sand-covered staircase.
  4939 | Ossuary  | Entered an ossuary
  4990 | Ossuary  | Reached skill level 5 in Spellcasting
  5022 | Ossuary  | Offered knowledge of Freeze by Vehumet.
  5032 | Ossuary  | Reached ** piety under Vehumet
  5110 | Ossuary  | Noticed loom's ghost (amateur DECj)
  5120 | Ossuary  | Killed loom's ghost
  5334 | Ossuary  | Reached XP level 8. HP: 41/52 MP: 7/15
  5484 | D:5      | Offered knowledge of Static Discharge by Vehumet.
  5487 | D:5      | Reached skill level 5 in Dodging
  5717 | D:5      | Reached skill level 1 in Fighting
  5731 | D:5      | Reached *** piety under Vehumet
  6572 | D:6      | Offered knowledge of Stone Arrow by Vehumet.
  6578 | D:6      | Reached skill level 1 in Evocations
  7078 | D:7      | Found a stormy altar of Qazlal.
  7091 | D:6      | Reached XP level 9. HP: 58/65 MP: 16/16
  7422 | D:7      | Found a shattered altar of Ashenzari.
  7499 | D:7      | Reached skill level 5 in Evocations
  7555 | D:7      | Reached **** piety under Vehumet
  7572 | D:7      | Learned a level 2 spell: Slow
  7970 | D:8      | Noticed a red ugly thing
  8710 | D:9      | Found a staircase to the Lair.
  8841 | D:9      | Found a shimmering altar of Xom.
  9117 | D:9      | Found Ackayvo's Assorted Antiques.
  9336 | D:9      | Learned a level 2 spell: Blink
  9339 | D:9      | Learned a level 2 spell: Repel Missiles
  9344 | D:9      | Learned a level 3 spell: Mephitic Cloud
  9579 | Lair:1   | Entered Level 1 of the Lair of Beasts
  9579 | Lair:1   | Noticed a spiny frog
  9584 | Lair:1   | Killed a spiny frog
  9584 | Lair:1   | Reached skill level 1 in Translocations
  9611 | Lair:1   | Reached XP level 10. HP: 58/71 MP: 19/19
  9619 | Lair:1   | Offered knowledge of Sticky Flame by Vehumet.
  9643 | Lair:1   | Learned a level 4 spell: Sticky Flame
  9942 | Lair:1   | Got a crude trident
  9943 | Lair:1   | Identified the +9 trident "Dragonslayer" {freeze, Int+3} (You found it on level 1 of the Lair of Beasts)
 10026 | Lair:1   | Reached skill level 1 in Air Magic
 10026 | Lair:1   | Reached skill level 1 in Poison Magic
 10138 | Lair:1   | Noticed a spiny frog
 10147 | Lair:1   | Killed a spiny frog
 10270 | Lair:1   | Noticed a spiny frog
 10281 | Lair:1   | Killed a spiny frog
 10710 | Lair:2   | Noticed a spiny frog
 10734 | Lair:2   | Killed a spiny frog
 10824 | Lair:2   | Found a staircase to the Shoals.
 10825 | Lair:2   | Noticed a manticore
 10992 | Lair:2   | Killed a manticore
 11033 | Lair:2   | Noticed a spiny frog
 11044 | Lair:2   | Killed a spiny frog
 11044 | Lair:2   | Reached XP level 11. HP: 77/77 MP: 23/23
 11481 | Lair:3   | Found a staircase to the Snake Pit.
 12347 | Lair:4   | Noticed a death yak
 12419 | Lair:3   | HP: 1/77 [death yak (15)]
 12421 | Lair:3   | Killed a death yak
 12690 | Lair:3   | Reached ***** piety under Vehumet
 12713 | Lair:4   | Offered knowledge of Poisonous Cloud by Vehumet.
 13445 | Lair:4   | Reached skill level 1 in Armour
 13836 | Lair:5   | Found a labyrinth entrance.
 13844 | Lab      | Entered a labyrinth
 13993 | Lab      | Noticed a minotaur
 13999 | Lab      | Killed a minotaur
 14003 | Lab      | Got a coiled tin amulet
 14023 | Lab      | Identified the amulet "Ilisax" {RegenMP *Contam MP+9 Int+2 Dex+6} (You found it in a labyrinth)
 14130 | Lab      | Got a wavering iron ring
 14132 | Lab      | Identified the ring of Pamekuopn {rPois SInv} (You found it in a labyrinth)
 14136 | Lab      | Got an ichor-stained leather armour
 14138 | Lab      | Identified the +2 leather armour of Atuegher {rElec MR+ Str-2} (You found it in a labyrinth)
 14192 | Lab      | Learned a level 5 spell: Iskenderun's Battlesphere
 14208 | Lair:5   | Reached XP level 12. HP: 59/83 MP: 24/24
 14242 | Lair:5   | Noticed a four-headed hydra
 14246 | Lair:5   | Killed a four-headed hydra
 14577 | Lair:5   | Found a blossoming altar of Fedhas.
 14960 | Lair:6   | Entered Level 6 of the Lair of Beasts
 15082 | Lair:6   | Noticed a death yak
 15178 | Lair:6   | Killed a death yak
 15236 | Lair:6   | Offered knowledge of Bolt of Magma by Vehumet.
 15476 | Lair:6   | Reached skill level 1 in Fire Magic
 15772 | Lair:6   | Gained mutation: You are in touch with the powers of death. [Mummy growth]
 15772 | Lair:6   | Reached XP level 13. HP: 88/88 MP: 24/26
 15924 | Lair:6   | Found a staircase to the Slime Pits.
 15978 | Lair:6   | Reached skill level 10 in Spellcasting
 16207 | Lair:6   | Learned a level 5 spell: Bolt of Magma
 16574 | Lair:6   | Identified a +4 rod of shadows (13/13) (You found it on level 6 of the Lair of Beasts)
 17572 | D:7      | Offered knowledge of Yara's Violent Unravelling by Vehumet.
 17706 | D:10     | Entered Level 10 of the Dungeon
 18341 | D:10     | Reached skill level 10 in Dodging
 18377 | D:10     | Found a roughly hewn altar of Beogh.
 18866 | D:11     | Offered knowledge of Fireball by Vehumet.
 18921 | D:11     | Found a staircase to the Orcish Mines.
 19219 | D:11     | Noticed Nergalle
 19289 | D:11     | Killed Nergalle
 20173 | Orc:1    | Entered Level 1 of the Orcish Mines
 20905 | Orc:2    | Entered Level 2 of the Orcish Mines
 20907 | Orc:2    | Found a roughly hewn altar of Beogh.
 21067 | Orc:2    | Found a staircase to the Elven Halls.
 21117 | Orc:2    | Offered knowledge of Ozocubu's Refrigeration by Vehumet.
 21151 | Orc:2    | Noticed Sonja
 21154 | Orc:2    | Killed Sonja
 21188 | Orc:2    | Found a roughly hewn altar of Beogh.
 21190 | Orc:2    | Found Xiciucum's Weapon Emporium.
 21235 | Orc:2    | Reached skill level 10 in Evocations
 21256 | Orc:2    | Found a roughly hewn altar of Beogh.
 21293 | Orc:2    | Noticed sheala's ghost (journeyman DEEn)
 21311 | Orc:2    | Killed sheala's ghost
 21324 | Orc:2    | Found a roughly hewn altar of Beogh.
 21326 | Orc:2    | Found Teacla's Food Shop.
 21408 | Orc:2    | Found a roughly hewn altar of Beogh.
 21413 | Orc:2    | Reached XP level 14. HP: 95/95 MP: 28/28
 21415 | Orc:2    | Found Jukitel's Antique Weapon Shoppe.
 21602 | Orc:2    | Found a roughly hewn altar of Beogh.
 21653 | Orc:2    | Noticed an orc warlord
 21677 | Orc:2    | Killed an orc warlord
 21775 | Orc:2    | Found a roughly hewn altar of Beogh.
 21942 | Orc:2    | Noticed an orc warlord
 21955 | Orc:2    | Killed an orc warlord
 21974 | Orc:2    | Reached ****** piety under Vehumet
 21978 | Orc:2    | Slain by a sun demon

Skill      XL: |  1  2  3  4  5  6  7  8  9 10 11 12 13 |
---------------+----------------------------------------+-----
Spellcasting   | 3 4 5 6 8 9 10 | 10.0
Dodging        | 2 4 5 6 8 10 | 10.0
Conjurations   | 4 5 6 7 9 |  9.5
Hexes          | 2 3 4 |  4.3
Fighting       | 4 |  4.0
Evocations     | 3 5 6 8 10 | 10.4
Translocations | 2 3 |  3.1
Air Magic      | 3 |  3.1
Poison Magic   | 3 |  3.1
Armour         | 4 |  4.0
Fire Magic     | 2 3 |  3.0
Stealth        | |  1.5

Action                   |  1- 3 |  4- 6 |  7- 9 | 10-12 | 13-15 || total
-------------------------+-------+-------+-------+-------+-------++-------
Melee: Whip              |    45 |    94 |   276 |     5 |       ||   420
       Unarmed           |     3 |       |       |       |       ||     3
       Trident           |       |       |       |   215 |   173 ||   388
 Fire: Blowgun           |       |       |     3 |       |       ||     3
       Longbow           |       |       |       |       |   147 ||   147
Throw: Stone             |     9 |    12 |    72 |       |       ||    93
 Cast: Magic Dart        |    25 |    43 |    66 |   162 |   191 ||   487
       Searing Ray       |    10 |    24 |    54 |    52 |     8 ||   148
       Iskenderun's Myst |       |       |    11 |    45 |    25 ||    81
       Dazzling Spray    |       |       |     9 |    42 |    25 ||    76
       Slow              |       |       |     5 |       |       ||     5
       Mephitic Cloud    |       |       |     1 |    35 |    23 ||    59
       Repel Missiles    |       |       |     1 |       |       ||     1
       Blink             |       |       |       |    28 |     3 ||    31
       Sticky Flame      |       |       |       |    38 |    34 ||    72
       Iskenderun's Batt |       |       |       |    25 |    56 ||    81
       Bolt of Magma     |       |       |       |       |    35 ||    35
Evoke: Wand              |       |       |     2 |    18 |     4 ||    24
       Disc of storms    |       |       |     2 |     1 |       ||     3
       Rod               |       |       |       |       |    27 ||    27
       Box of beasts     |       |       |       |       |     2 ||     2
       Sack of spiders   |       |       |       |       |     1 ||     1
  Use: Scroll            |       |     7 |     8 |    13 |     7 ||    35
 Stab: Sleeping          |     1 |     1 |     2 |       |     5 ||     9
       Confused          |       |       |       |     7 |     3 ||    10
       Invisible         |       |       |       |     4 |     1 ||     5
       Distracted        |       |       |       |     1 |       ||     1
Armor: Robe              |     9 |    28 |    45 |    12 |       ||    94
       Leather armour    |       |       |       |    13 |    32 ||    45
Dodge: Dodged            |    37 |    78 |   325 |   279 |   236 ||   955
       Deflected         |       |       |       |       |     7 ||     7
